 Dungeon Crawl Stone Soup version 0.31-a0-4-gefa6de2278 (webtiles) character file.

Game seed: 16461777032092401345

4690 Ge0ff the Chiller (level 10, -21/51 HPs)
             Began as a Vine Stalker Ice Elementalist on May 3, 2023.
             Was an Elder of Fedhas.
             Shot with an arrow by a centaur warrior (23 damage)
             ... on level 8 of the Dungeon.
             The game lasted 00:26:45 (7173 turns).

Ge0ff the Chiller (Vine Stalker Ice Elementalist)   Turns: 7173, Time: 00:26:46

Health: -21/51     AC:  7    Str: 12    XL:     10   Next: 44%
Magic:  0/17       EV: 12    Int: 25    God:    Fedhas [****..]
Gold:   158        SH:  0    Dex: 14    Spells: 13/17 levels left

rFire   . . .        a - +3 short sword (venom)
rCold   . . .        Q - orb {light}
rNeg    . . .        E - +0 acid dragon scales
rPois   .            (no helmet)
rElec   .            (no cloak)
rCorr   +            (no gloves)
SInv    .            (no boots)
Will    +....        P - amulet of faith
Stlth   +            Y - +4 ring of slaying
HPRegen 1.08/turn    U - +6 ring of intelligence {=R}
MPRegen 0.15/turn

%: guardian spirit, faith
@: glowing
A: fangs 3, regeneration 1, magic shield, antimagic bite, no potion heal 2
a: Renounce Religion, Wall of Briars, Grow Ballistomycete, Overgrow


You were on level 8 of the Dungeon.
You worshipped Fedhas.
Fedhas was greatly pleased with you.
You visited 1 branch of the dungeon, and saw 8 of its levels.

You collected 399 gold pieces.
You spent 241 gold pieces at shops.

Inventory:

Hand Weapons
 a - a +3 short sword of venom (weapon)
 b - a +3 dagger
 w - the +7 great mace "Firestarter" {flame, immolate, rFlCloud rF++}
   (You found it on level 8 of the Dungeon)

   rFlCloud:  It grants immunity to clouds of flame.
   rF:        It greatly protects you from fire.
 I - a +0 rapier
 S - a +1 antimagic sling
Missiles
 g - a throwing net {=F}
 B - 2 atropa-tipped darts
 H - 18 poisoned darts
 M - 4 datura-tipped darts {=F}
 N - 75 stones (quivered)
 O - 6 javelins
 W - 3 boomerangs
Armour
 E - +0 acid dragon scales (worn)
 Q - an orb of light (worn)
Magical Staves
 h - a staff of cold
Jewellery
 u - an amulet of magic regeneration
 G - a ring of poison resistance
 J - a +6 ring of intelligence
 P - an amulet of faith (around neck)
 U - a +6 ring of intelligence (right hand) {=R}
 Y - a +4 ring of slaying (left hand)
Wands
 d - a wand of digging (3)
 f - a wand of flame (8)
 r - a wand of roots (2)
Scrolls
 m - 2 scrolls of magic mapping
 y - a scroll of immolation
 F - 2 scrolls of fog
 T - 3 scrolls of teleportation
 V - a scroll of vulnerability
 Z - a scroll of enchant weapon
Potions
 q - 4 potions of curing
 x - a potion of mutation {unknown}
 z - 2 potions of brilliance
 A - 2 potions of attraction
 D - a potion of might {unknown}
 L - a potion of lignification
 R - a potion of resistance
 X - 5 potions of flight


   Skills:
 + Level 4.9 Fighting
 * Level 7.6 Short Blades
 - Level 3.0 Throwing
 + Level 3.9 Armour
 - Level 3.0 Dodging
 - Level 2.4 Stealth
 - Level 4.0 Spellcasting
 + Level 7.6 Ice Magic
 + Level 3.0 Invocations
 - Level 3.0 Evocations


You had 13 spell levels left.
You knew the following spells:

 Your Spells              Type           Power      Damage    Failure   Level
k - Freeze                Ice            100%       1d10      1%          1
s - Frozen Ramparts       Ice            86%        1d13      1%          3

Your spell library contained the following spells:

 Spells                   Type           Power      Damage    Failure   Level
 Ozocubu's Armour         Ice            43%        N/A       1%          3
 Sandblast                Erth           10%        2d5       13%         1
 Passwall                 Tmut/Erth      4%         N/A       21%         2
 Summon Ice Beast         Ice/Summ       24%        N/A       28%         4
 Stone Arrow              Conj/Erth      10%        3d7       36%         3


Dungeon Overview and Level Annotations

Branches:
Dungeon (8/15) Zot: 26359  Temple (0/1) D:5
   Lair: D:8-11

Altars:
Ashenzari
Elyvilon
Fedhas
Gozag
Hepliaklqana
Trog
Yredelemnul

Shops:
D:5 *??   D:7 (

Annotations:
D:1 dig (book)


Innate Abilities, Weirdness & Mutations

You have razor-sharp teeth.
Your natural rate of healing is unusually fast.
When hurt, damage is shared between your health and your magic reserves.
Your bite disrupts and absorbs the magic of your enemies.
Potions cannot restore your health.


Message History

The sleepcap closely misses the orc wizard.
The wall freezes the two-headed ogre.
The two-headed ogre hits you with a +0 giant club!
The two-headed ogre closely misses you.
You puncture the two-headed ogre!
The two-headed ogre is poisoned.
The two-headed ogre is heavily wounded.
The centaur warrior is engulfed in poison gas.
The centaur warrior looks even sicker.
The wall freezes the water moccasin.
The water moccasin seems to slow down.
You hit the two-headed ogre.
The two-headed ogre looks as sick as possible!
Your bite misses the two-headed ogre.
The two-headed ogre is heavily wounded.
The centaur warrior is engulfed in poison gas.
The centaur warrior looks even sicker.
You hit the two-headed ogre.
The two-headed ogre looks as sick as possible!
The two-headed ogre is severely wounded.
The wall freezes the two-headed ogre.
The two-headed ogre hits you with a +0 giant club!!
The two-headed ogre barely misses you.
The wall freezes the centaur warrior!
The wall freezes the water moccasin!
You kill the water moccasin!
The orc wizard casts a spell.
The orc wizard flickers and vanishes!
Deactivating autopickup; reactivate with Ctrl-A.
You puncture the two-headed ogre!
The two-headed ogre looks as sick as possible!
You bite the two-headed ogre.
You kill the two-headed ogre!
The wall freezes the centaur warrior.
The centaur warrior wields a +0 shortbow of flaming.
It bursts into flame!
The centaur warrior shoots an arrow.
The arrow hits you!!
* * * LOW HITPOINT WARNING * * *
The arrow burns you!
* * * LOW HITPOINT WARNING * * *
Training target 3.0 for Evocations reached!
Your Invocations skill increases to level 3!
Your Evocations skill increases to level 3!
Really quaff
K - a potion of magic {!q}?
Magic courses through your body.
The wall freezes the centaur warrior.
The centaur warrior shoots an arrow.
The arrow hits you!
* * * LOW HITPOINT WARNING * * *
The arrow burns you.
Okay, then.
It was a potion of cancellation.
Your magical effects are unravelling.
You feel magically purged.
The frozen ramparts melt away.
The centaur warrior shoots an arrow.
The arrow hits you!!
You die...

# ## # ### ### ### ## ##
#.
######8###8###8###8###8#
#8#####.
.'.....'.○§§§§§§§§☼§§§§☼
+.....'.
.###.#8###8###8#@#8###8
#8#.#### ...#'#######
###)# ####'#.♣.
...#.##[# †)c #[##.#♣.♣
...#.##)+ .§o§☼
+?##.#.♣. ####.##$#
☼§☼o§§○ #$##.####
#....##[+ §§§§☼○§§○
+!##....# #.8..##?#
○§§§§o{.§f§ #$##..8.#
#....##$+ §☼§o§§§○..§§§
+[##....# ####.##/#
#!##.####


You could see a centaur warrior (very poisoned), 2 orc wizards, 2 orcs and a
neutral sleepcap (confused).

Vanquished Creatures
  A two-headed ogre (D:8)
  Joseph (D:6)
  Maggie (D:7)
  A kobold demonologist (D:8)
  Grinder (D:6)
  2 slime creatures (D:5)
  3 ice beasts
  2 water moccasins
  A sky beast (D:6)
  An ogre (D:4)
  A centaur (D:8)
  3 kobold brigands
  5 bullfrogs
  3 scorpions (D:4)
  6 killer bees
  2 howler monkeys (D:8)
  3 jellies (D:5)
  2 orc priests
  2 gnoll boudas
  4 hounds
  5 iguanas
  4 orc wizards
  14 gnolls
  16 adders
  A white imp (D:6)
  An ufetubus (D:4)
  A dart slug (D:4)
  2 worms (D:3)
  22 orcs
  6 ball pythons
  10 endoplasms
  2 giant cockroaches
  7 goblins
  4 hobgoblins
  6 quokkas
  2 bats (D:2)
  8 frilled lizards
  16 kobolds
  12 rats
184 creatures vanquished.

Vanquished Creatures (others)
  7 fungi (D:5)
  9 toadstools (D:5)
16 creatures vanquished.

Grand Total: 200 creatures vanquished

Notes
Turn   | Place    | Note
-------+----------+-------------------------------------------
     0 | D:1      | Ge0ff the Vine Stalker Ice Elementalist began the quest for
                  | the Orb.
     0 | D:1      | Reached XP level 1. HP: 9/9 MP: 4/4
   211 | D:1      | Reached XP level 2. HP: 14/14 MP: 3/6
   272 | D:1      | Reached skill level 1 in Fighting
   968 | D:2      | Reached XP level 3. HP: 18/18 MP: 7/7
   982 | D:2      | Learned a level 3 spell: Frozen Ramparts
  1139 | D:2      | Reached skill level 1 in Short Blades
  1209 | D:2      | Gained mutation: Your natural rate of healing is unusually
                  | fast. [Vine Stalker growth]
  1209 | D:2      | Reached XP level 4. HP: 16/22 MP: 3/8
  1829 | D:3      | Reached skill level 5 in Ice Magic
  1971 | D:3      | Reached skill level 1 in Armour
  1971 | D:3      | Reached XP level 5. HP: 20/25 MP: 8/10
  2088 | D:3      | Found a blossoming altar of Fedhas.
  2096 | D:3      | Became a worshipper of Fedhas Madash
  2100 | D:3      | Found a white marble altar of Elyvilon.
  2189 | D:3      | Found an opulent altar of Gozag.
  2518 | D:4      | Reached XP level 6. HP: 21/30 MP: 6/11
  2589 | D:4      | Found a hazy altar of Hepliaklqana.
  2608 | D:4      | Reached skill level 1 in Throwing
  2725 | D:4      | Reached XP level 7. HP: 33/33 MP: 8/12
  2871 | D:4      | Reached * piety under Fedhas
  3178 | D:5      | Entered Level 5 of the Dungeon
  3183 | D:5      | Found Pautou's Magic Scroll Emporium.
  3185 | D:5      | Found Xaezxom's Magic Scroll Emporium.
  3186 | D:5      | Found Moluvoth's General Store.
  3191 | D:5      | Bought a scroll of magic mapping for 82 gold pieces
  3191 | D:5      | Bought a scroll of teleportation for 33 gold pieces
  3191 | D:5      | Bought a scroll of fog for 44 gold pieces
  3191 | D:5      | Bought a scroll of identify for 22 gold pieces
  3432 | D:5      | Found a bloodstained altar of Trog.
  3661 | D:5      | Found a staircase to the Ecumenical Temple.
  3783 | D:5      | Gained mutation: You have razor-sharp teeth. [Vine Stalker
                  | growth]
  3783 | D:5      | Reached XP level 8. HP: 31/39 MP: 13/13
  3806 | D:5      | Reached skill level 5 in Short Blades
  4037 | D:5      | Reached ** piety under Fedhas
  4119 | D:5      | Noticed a slime creature
  4125 | D:5      | Killed a slime creature
  4125 | D:5      | Noticed a slime creature
  4133 | D:5      | Killed a slime creature
  4519 | D:6      | HP: 1/40 [kobold brigand/+0 whip (5)]
  4527 | D:6      | Reached XP level 9. HP: 14/44 MP: 1/14
  4637 | D:6      | Noticed Grinder
  4643 | D:6      | Paralysed by Grinder for 4 turns
  4652 | D:6      | Killed Grinder
  4806 | D:5      | Bought a scroll of fear for 40 gold pieces
  4806 | D:5      | Bought a scroll of identify for 20 gold pieces
  4944 | D:6      | Reached skill level 1 in Evocations
  5344 | D:7      | Reached *** piety under Fedhas
  5431 | D:7      | Noticed Maggie
  5451 | D:7      | Killed Maggie
  5452 | D:7      | Reached skill level 1 in Invocations
  5453 | D:7      | HP: 2/45 [poisoned by a killer bee]
  5801 | D:7      | Noticed Joseph
  5876 | D:6      | Killed Joseph
  5910 | D:7      | Found Onaav's Antique Weapon Shop.
  5951 | D:7      | Reached XP level 10. HP: 50/51 MP: 11/16
  6416 | D:7      | Found a broken altar of Ashenzari.
  6589 | D:8      | Found the +7 great mace "Firestarter" {flame, immolate,
                  | rFlCloud rF++}
  6917 | D:8      | Found a basalt altar of Yredelemnul.
  7159 | D:8      | Noticed a kobold demonologist
  7160 | D:8      | Noticed a two-headed ogre
  7161 | D:8      | Noticed a centaur warrior
  7166 | D:8      | Killed a kobold demonologist
  7167 | D:8      | Reached **** piety under Fedhas
  7171 | D:8      | Killed a two-headed ogre
  7172 | D:8      | HP: 1/51 [centaur warrior/arrow (3)]
  7173 | D:8      | Shot with an arrow by a centaur warrior

Illustrated notes

Levels and vault maps discovered:
D:1:      minmay_arrival_four_circles, layout_loops_ring,
          kennysheep_minor_cross, minmay_surrounded
D:2:      layout_basic
D:3:      layout_basic, elyvilon_altar_5, nicolae_overflow_crystal_walls,
          nicolae_gozag_cash_rules_everything_around_me
D:4:      layout_rooms, mainiacjoe_overflow_tiny_flanked, chequers_jeans
D:5:      cheibrodos_fertilizer, layout_gridville, trog_butcher_becter,
          minmay_temple_entry_drinking_statues,
          nicolae_shop_distant_corner_stores
D:6:      layout_basic, hex_tiny, serial_park_tiny_1, uniq_grinder
D:7:      layout_basic, lemuel_coloured_pillars_altar, serial_shops, shop,
          kennysheep_generic_room_9, uniq_joseph, uniq_maggie
D:8:      wad_statue_garden, layout_loops_ring, kennysheep_mini_moat

Skill      XL: |  1  2  3  4  5  6  7  8  9 10 |
---------------+-------------------------------+-----
Fighting       | 1 3 4 |  4.9
Short Blades   | 1 2 4 5 6 7 |  7.6
Ice Magic      | 5 6 7 |  7.6
Armour         | 1 2 3 |  3.9
Spellcasting   | 3 4 |  4.0
Throwing       | 1 2 3 |  3.0
Dodging        | 2 3 |  3.0
Evocations     | 2 3 |  3.0
Invocations    | 2 3 |  3.0
Stealth        | |  2.4

Action                     |  1- 3 |  4- 6 |  7- 9 | 10-12 || total
---------------------------+-------+-------+-------+-------++-------
  Melee: Short sword       |    38 |    80 |   122 |    49 ||   289
         Bite              |    10 |    23 |    41 |    17 ||    91
  Throw: Stone             |       |    13 |    10 |     3 ||    26
         Dart              |       |       |     1 |       ||     1
   Cast: Freeze            |    23 |     6 |       |       ||    29
         Frozen Ramparts   |       |     4 |    34 |     4 ||    42
  Evoke: Wand              |       |       |     5 |       ||     5
    Use: Scroll            |     2 |     7 |    10 |     3 ||    22
         Potion            |       |       |     1 |     2 ||     3
   Stab: Sleeping          |     4 |     4 |       |       ||     8
         Distracted        |       |       |     1 |       ||     1
 Armour: Robe              |     6 |       |       |       ||     6
         Leather armour    |     2 |     6 |    11 |       ||    19
         Acid dragon scale |       |       |     4 |    10 ||    14
  Dodge: Dodged            |    26 |    34 |    49 |    19 ||   128

Table legend: (Time is in decaauts)
 A = Elapsed time spent in this place.
 B = Non-inter-level travel time spent in this place.
 C = Inter-level travel time spent in this place.
 D = Time resting spent in this place.
 E = Time spent auto-exploring this place.
 F = Levels seen in this place.
 G = Mean time per level.
                   A        B        C        D        E       F      G
               +--------+--------+--------+--------+--------+-----+--------+
         Total |   7133 |   6550 |    583 |    273 |   4852 |   8 |  891.6 |
       Dungeon |   7133 |   6550 |    583 |    273 |   4852 |   8 |  891.6 |
               +--------+--------+--------+--------+--------+-----+--------+

Top non-repeatable levels by time:
     D:5: 1329 daAuts
     D:1: 994 daAuts
     D:6: 984 daAuts
     D:7: 881 daAuts
     D:2: 829 daAuts
     D:4: 797 daAuts
     D:3: 677 daAuts
     D:8: 639 daAuts
